 Dungeon Crawl Stone Soup version 0.18-a0-884-gb6cfd45 (webtiles) character file.

100 cluie the Chiller (level 4, 0/32 HPs)
             Began as a Demonspawn Ice Elementalist on Dec 22, 2015.
             Slain by a gnoll
             ... wielding a +0 spear
              (10 damage)
             ... on level 3 of the Dungeon.
             The game lasted 00:05:29 (1923 turns).

cluie the Chiller (Demonspawn Ice Elementalist)     Turns: 1923, Time: 00:05:29

Health: 0/32       AC: 13    Str:  9    XL:     4   Next: 46%
Magic:  2/7        EV: 12    Int: 17    God:
Gold:   85         SH:  0    Dex: 13    Spells: 2 memorised, 4 levels left

rFire  . . .     SeeInvis .     o - +5 whip (drain)
rCold  + . .     Gourm    .     a - +0 robe
rNeg   . . .     Faith    .     (no shield)
rPois  .         Spirit   .     (no helmet)
rElec  .         Dismiss  .     r - +2 cloak
rCorr  .         Reflect  .     p - +0 pair of gloves
SustAt .         Harm     .     (no boots)
MR     .....                    (no amulet)
Stlth  +++.......               (no ring)
                                (no ring)

@: icy armour, not resistant to hostile enchantments, fairly stealthy
A: slimy green scales 1, cold resistance 1, nightstalker 1
a: no special abilities


You were on level 3 of the Dungeon.
You were not hungry.

You visited 1 branch of the dungeon, and saw 3 of its levels.

You collected 85 gold pieces.

Inventory:

Hand Weapons
 o - a +5 whip of draining (weapon)
Armour
 a - a +0 robe (worn)
 p - a +0 pair of gloves (worn)
 r - a +2 cloak (worn)
Wands
 s - a wand of magic darts (17/48)
Scrolls
 d - 2 scrolls of fear {unknown}
 g - a scroll of remove curse {unknown}
 i - 2 scrolls of random uselessness {unknown}
 j - 3 scrolls of identify {unknown}
 l - a scroll of immolation {unknown}
 n - 2 scrolls of magic mapping {unknown}
 q - a scroll of recharging {unknown}
Potions
 e - 2 potions of flight
 m - a potion of cancellation {unknown}
Books
 b - a book of Frost

   Spells                             Type                      Level
   a - Freeze                         Ice                          1
   b - Throw Frost                    Conjuration/Ice              2
   c - Ozocubu's Armour               Charms/Ice                   3
   d - Throw Icicle                   Conjuration/Ice              4
   e - Summon Ice Beast               Ice/Summoning                4
   f - Condensation Shield            Ice                          4
Comestibles
 c - 2 bread rations
 f - a chunk of flesh
 h - 5 fruits
 k - a beef jerky
 t - a meat ration


   Skills:
 + Level 1.2 Fighting
 + Level 2.4 Dodging
 - Level 1.7 Stealth
 + Level 2.6 Spellcasting
   Level 1.0 Conjurations
 * Level 3.8 Ice Magic


You had 4 spell levels left.
You knew the following spells:

 Your Spells              Type           Power        Failure   Level  Hunger
a - Freeze                Ice            ###.         3%          1    #......
b - Ozocubu's Armour      Chrm/Ice       #.......     24%         3    ###....


Dungeon Overview and Level Annotations

Branches:
Dungeon (3/15)

Altars:
Vehumet
Yredelemnul
Zin


Innate Abilities, Weirdness & Mutations

You are partially covered in slimy green scales (AC +2).
Your flesh is cold resistant.
You are slightly more attuned to the shadows.


Message History

* * * LOW HITPOINT WARNING * * *
The gnoll misses you.
Casting: Ozocubu's Armour
Confirm with . or Enter, or press ? or * to list all spells.
A film of ice covers your body! The gnoll barely misses you.
The gnoll misses you. The gnoll barely misses you.
You whack the gnoll!
You kill the gnoll!
The gnoll misses you. The gnoll closely misses you.
Your magical contamination has completely faded away.
The gnoll barely misses you. The gnoll hits you but does no damage.
Things that are here:
a hand axe of flaming; an orc corpse The gnoll completely misses you.
The gnoll barely misses you. The gnoll closely misses you.
You hit the gnoll.
The gnoll is severely wounded.
The gnoll closely misses you. The gnoll hits you but does no damage.
The gnoll barely misses you. The gnoll hits you with a spear!
You die...

#†..#.#.#.##.#..[..............<#
....#.#.#.##.#....#.#####.#######
....#.....##.###..#.... #.# ....#
######.# #.#...# #.# ....# ..#
#.#...# #.# ....# #####.....# #.#
....# # ..g#.....# #.# .<..#.##
#####g#....####.# ........
....>g@(.....##.# ......#.
#.#.#.#)#.#####)# ..###...
...#....# #.# ).......#
#####)#######.# ......### #...))#
#...# ##+#### #.###.### #.###
#.#.....# #.# ...#.#.....###.#
........_......#


You could see 3 gnolls.

Vanquished Creatures
  A gnoll (D:3)
  2 adders (D:2)
  An ooze (D:3)
  6 orcs (D:3)
  13 bats
  3 giant cockroaches
  7 goblins
  6 hobgoblins
  A quokka (D:3)
  2 ball pythons
  A giant gecko (D:1)
  2 giant newts (D:2)
  10 kobolds
  3 rats
58 creatures vanquished.

Notes
Turn   | Place    | Note
--------------------------------------------------------------
     0 | D:1      | cluie the Demonspawn Ice Elementalist began the quest for the Orb.
     0 | D:1      | Reached XP level 1. HP: 13/13 MP: 3/3
   343 | D:1      | Gained mutation: Your flesh is cold resistant. [demonic ancestry]
   343 | D:1      | Reached XP level 2. HP: 11/19 MP: 0/5
   886 | D:1      | Reached skill level 3 in Ice Magic
  1137 | D:2      | Found a faded altar to an unknown god.
  1249 | D:2      | +5 on ground wat
  1252 | D:2      | Gained mutation: You are slightly more attuned to the shadows. [demonic ancestry]
  1252 | D:2      | Reached XP level 3. HP: 23/25 MP: 6/6
  1445 | D:2      | Found a glowing silver altar of Zin.
  1520 | D:2      | Reached skill level 1 in Fighting
  1782 | D:3      | Learned a level 3 spell: Ozocubu's Armour
  1786 | D:3      | Found a radiant altar of Vehumet.
  1790 | D:3      | Gained mutation: You are partially covered in slimy green scales (AC +2). [demonic ancestry]
  1790 | D:3      | Reached XP level 4. HP: 20/32 MP: 7/7
  1860 | D:3      | Found a basalt altar of Yredelemnul.
  1923 | D:3      | Slain by a gnoll

Vault maps used:
D:1:      lemuel_arrival_muddy
D:2:      lemuel_doored_altar, ecumenical_altar_2
D:3:      kennysheep_the_goblin_king, nicolae_overflow_crystal_walls,
          first_bread, vehumet_altar_wand_db, uniq_crazy_yiuf_cottage,
          uniq_grinder

Action                   |  1- 3 |  4- 6 || total
-------------------------+-------+-------++-------
Melee: Unarmed           |    50 |       ||    50
       Club              |    19 |       ||    19
       Whip              |    36 |    23 ||    59
 Cast: Freeze            |    38 |       ||    38
       Ozocubu's Armour  |       |     2 ||     2
  Use: Potion            |     2 |       ||     2
 Stab: Sleeping          |     4 |     2 ||     6
  Eat: Chunk             |     3 |     1 ||     4
